 Dungeon Crawl Stone Soup version 0.31.0-11-ge490571c62 (webtiles) character file.

Game seed: 5513051302415038048

280025 browni3141 the Eclecticist (level 20, -2/141 HPs)
             Began as a Mummy Alchemist on Jan 26, 2024.
             Was the Champion of Ashenzari.
             Killed from afar by a fire dragon (illusionary) (33 damage)
             ... with a blast of flame
             ... on level 1 of the Depths.
             The game lasted 02:35:09 (62932 turns).

browni3141 the Eclecticist (Mummy Alchemist)       Turns: 62932, Time: 02:35:10

Health: -2/141     AC: 21    Str: 13    XL:     20   Next: 34%
Magic:  21/44      EV: 15    Int: 21    God:    Ashenzari [******]
Gold:   1996       SH:  7    Dex: 13    Spells: 17/59 levels left

rFire   . . .        D - staff of Desmomancy (curse) {rF+ Fire, Elem, Cun} (curse)
rCold   + . .        z - +1 buckler "Share My Loss" {AC+3, Sorc, Melee} (curse)
rNeg    + + +        v - +0 acid dragon scales of the Sublime Mutualism {rCorr, Elem, Range} (curse)
rPois   ∞            L - +0 helmet "Chained Together" {Bglg, Fort} (curse)
rElec   .            b - +1 cloak "Cursed With Me" {rCorr, Cun, Fort} (curse)
rCorr   +            h - +1 pair of gloves "Chagrin of Ashenzari" {Dev, Fort} (curse)
SInv    +            C - +2 pair of boots "Thunder Perfect Mind" {Elem, Dev} (curse)
Will    ++...        x - amulet of Ashenzari's Heresy {Acrobat, Cun, Elem} (curse)
Stlth   ++           f - ring of the Gnostic Inaction {Wiz, Elem, Sorc} (curse)
HPRegen 0.43/turn    l - ring of the Mage {Wiz Archmagi, Comp, Elem} (curse)
MPRegen 0.29/turn

%: acrobat, clarity, faith, wizardry (x2), archmagi
@: studying Invocations
A: cold resistance 1, negative energy resistance 3, torment resistance 2, heat
vulnerability 1, in touch with death 2, no potions, faith
a: Renounce Religion, Shatter the Chains


You were on level 1 of the Depths.
You worshipped Ashenzari.
Ashenzari was exalted by your worship.
You visited 9 branches of the dungeon, and saw 40 of its levels.
You visited 1 bazaar.
You also visited: Bailey, Gauntlet and Ice Cave.

You collected 5028 gold pieces.
You spent 3032 gold pieces at shops.

Inventory:

Missiles
 B - 8 javelins
 J - 5 silver javelins
 Z - 3 throwing nets
Armour
 b - the cursed +1 cloak "Cursed With Me" (worn) {rCorr, Cun, Fort}
   (You found it in a Gauntlet)

   rCorr:     It protects you from acid and corrosion.
   It has a curse which improves the following skills: Cunning: Dodging and
   Stealth.
   Fortitude: Armour and Shields.
 h - the cursed +1 pair of gloves "Chagrin of Ashenzari" (worn) {Dev, Fort}
   (You found it on level 2 of the Dungeon)

   It has a curse which improves the following skills: Devices: Evocations.
   Fortitude: Armour and Shields.
 t - a +0 tower shield
 v - the cursed +0 acid dragon scales of the Sublime Mutualism (worn) {rCorr, Elem, Range}
   (You found it on level 10 of the Dungeon)

   rCorr:     It protects you from acid and corrosion.
   It has a curse which improves the following skills: Elements: Fire Magic, Ice
   Magic, Air Magic and Earth Magic.
   Ranged Combat: Ranged Weapons and Throwing.
 z - the cursed +1 buckler "Share My Loss" (worn) {AC+3, Sorc, Melee}
   (You bought it in a shop in a bazaar)

   It has a curse which improves the following skills: Sorcery: Conjurations and
   Alchemy.
   Melee Combat: Short Blades, Long Blades, Axes, Maces & Flails, Polearms,
   Staves and Unarmed Combat.
 C - the cursed +2 pair of boots "Thunder Perfect Mind" (worn) {Elem, Dev}
   (You bought it in a shop in a bazaar)

   It has a curse which improves the following skills: Elements: Fire Magic, Ice
   Magic, Air Magic and Earth Magic.
   Devices:   Evocations.
 H - a +2 robe of fire resistance
 L - the cursed +0 helmet "Chained Together" (worn) {Bglg, Fort}
   (You found it on level 6 of the Dungeon)

   It has a curse which improves the following skills: Beguiling: Hexes and
   Translocations.
   Fortitude: Armour and Shields.
Magical Staves
 k - a staff of alchemy
 r - a staff of conjuration
 D - the cursed staff of Desmomancy (weapon) {rF+ Fire, Elem, Cun}
   (You took it off an orc on level 8 of the Dungeon)

   [staff of fire]

   Base accuracy: +5 Base damage: 5 Base attack delay: 1.2 This weapon's minimum
   attack delay (0.6) is reached at skill level 12.
   rF+:       It protects you from fire.
   Fire:      It increases the power of your Fire spells.
   It falls into the 'Staves' category.
   It is a one-handed weapon.
   It has a curse which improves the following skills: Elements: Fire Magic, Ice
   Magic, Air Magic and Earth Magic.
   Cunning:   Dodging and Stealth.
Jewellery
 a - a ring of ice
 f - the cursed ring of the Gnostic Inaction (left hand) {Wiz, Elem, Sorc}
   (You took it off a goblin on level 2 of the Dungeon)

   [ring of wizardry]

   Wiz:       It improves your spell success rate.
   It has a curse which improves the following skills: Elements: Fire Magic, Ice
   Magic, Air Magic and Earth Magic.
   Sorcery:   Conjurations and Alchemy.
 j - a ring of fire
 l - the cursed ring of the Mage (right hand) {Wiz Archmagi, Comp, Elem}
   (You bought it in a shop on level 2 of the Orcish Mines)

   [ring of wizardry]

   Wiz:       It improves your spell success rate.
   Archmagi:  It increases the power of your magical spells.
   It has a curse which improves the following skills: Companions: Summonings
   and Necromancy.
   Elements:  Fire Magic, Ice Magic, Air Magic and Earth Magic.
 o - a +6 ring of dexterity
 q - a ring of ice
 x - the cursed amulet of Ashenzari's Heresy (around neck) {Acrobat, Cun, Elem}
   (You found it on level 9 of the Dungeon)

   [amulet of the acrobat]

   Acrobat:   It increases your evasion while moving and waiting.
   It has a curse which improves the following skills: Cunning: Dodging and
   Stealth.
   Elements:  Fire Magic, Ice Magic, Air Magic and Earth Magic.
 A - a ring of resist corrosion
 E - a ring of protection from cold
 G - the ring "Nusiwn" {Str+3 Dex+6}
   (You took it off a deep elf elementalist on level 3 of the Elven Halls)

   [ring of dexterity]

   Str+3:     It affects your strength (+3).
   Dex+6:     It affects your dexterity (+6).
 M - a +6 ring of intelligence
 P - the ring of Loqidie Notu {rC+ rN+ AC+4}
   (You took it off a deep elf pyromancer on level 3 of the Elven Halls)

   [ring of protection]

   AC+4:      It affects your AC (+4).
   rC+:       It protects you from cold.
   rN+:       It protects you from negative energy.
 U - an amulet of guardian spirit
 W - an amulet of reflection
Wands
 m - a wand of roots (39)
 p - a wand of polymorph (30)
 s - a wand of quicksilver (9)
 u - a wand of mindburst (14)
 w - a wand of charming (53)
 T - a wand of digging (17)
 V - a wand of flame (52)
Scrolls
 c - a scroll of vulnerability
 e - 4 scrolls of revelation
 g - 10 scrolls of fear
 i - a scroll of torment
 y - 2 scrolls of silence
 F - 6 scrolls of fog
 I - 15 scrolls of teleportation
 K - 8 scrolls of amnesia
 N - 6 scrolls of poison
 O - a scroll of blinking
 Q - 2 scrolls of noise
 S - 6 scrolls of immolation
 Y - 5 scrolls of enchant armour
Miscellaneous
 d - a box of beasts (inert)
 n - a phantom mirror (inert)
 R - a condenser vane (inert)


   Skills:
 - Level 8.0 Fighting
 - Level 2.0(3.9) Short Blades
 - Level 3.0(5.1) Staves
 - Level 4.6(9.0) Armour
 - Level 6.4(11.0) Dodging
 - Level 1.5(4.5) Stealth
 - Level 4.6(9.0) Shields
 - Level 20.0 Spellcasting
 * Level 16.0(19.5) Conjurations
 - Level 19.7(27) Fire Magic
 - Level 3.6(9.8) Air Magic
 - Level 6.2(9.8) Alchemy
 - Level 3.0(6.0) Evocations


You had 17 spell levels left.
You knew the following spells:

 Your Spells              Type           Power      Damage    Failure   Level
a - Sting                 Conj/Alch      100%       1d9       0%          1
b - Mercury Vapours       Alch/Air       100%       N/A       1%          2
c - Cigotuvi's Dreadful   Necr/Alch/Air  100%       N/A       1%          2
d - Olgreb's Toxic Radia  Alch           76%        N/A       1%          4
e - Sticky Flame          Fire/Alch      100%       2d15      0%          4
f - Starburst             Conj/Fire      66%        6d17      1%          6
g - Plasma Beam           Fire/Air       60%        2x1d76    1%          6
h - Fireball              Conj/Fire      66%        3d25      0%          5
i - Orb of Destruction    Conj           50%        9d13      1%          7
m - Mephitic Cloud        Conj/Alch/Air  85%        N/A       1%          3
B - Blink                 Tloc           66%        N/A       1%          2

Your spell library contained the following spells:

 Spells                   Type           Power      Damage    Failure   Level
 Foxfire                  Conj/Fire      100%       2x1d9     0%          1
 Magic Dart               Conj           100%       1d8       0%          1
 Scorch                   Fire           100%       2d9       0%          2
 Flame Wave               Conj/Fire      100%       2d21      0%          4
 Ignite Poison            Fire/Alch      100%       N/A       0%          4
 Summon Small Mammal      Summ           100%       N/A       1%          1
 Call Imp                 Summ           66%        N/A       1%          2
 Jinxbite                 Hex            66%        N/A       1%          2
 Dazzling Flash           Conj/Hex       100%       N/A       1%          3
 Hailstorm                Conj/Ice       77%        3d13      1%          3
 Volatile Blastmotes      Fire/Tloc      100%       2d18      1%          3
 Brom's Barrelling Bould  Conj/Erth      77%        2d9       1%          4
 Fulminant Prism          Conj/Alch      44%        3d19      1%          4
 Iskenderun's Mystic Bla  Conj/Tloc      76%        2d15      1%          4
 Petrify                  Alch/Erth      60%        N/A       1%          4
 Summon Blazeheart Golem  Fire/Summ      100%       N/A       1%          4
 Vhi's Electric Charge    Tloc/Air       100%       N/A       1%          4
 Alistair's Intoxication  Alch           50%        N/A       1%          5
 Freezing Cloud           Conj/Ice/Air   38%        6-21      1%          5
 Irradiate                Conj/Alch      44%        3d26      1%          5
 Iskenderun's Battlesphe  Conj           100%       2d15      1%          5
 Conjure Ball Lightning   Conj/Air       44%        3x3d15    1%          6
 Summon Ice Beast         Ice/Summ       36%        N/A       2%          3
 Call Canine Familiar     Summ           33%        N/A       3%          3
 Sigil of Binding         Hex            33%        N/A       3%          3
 Eringya's Noxious Bog    Alch           38%        4d6       3%          6
 Silence                  Hex/Air        29%        N/A       4%          5
 Yara's Violent Unravell  Hex/Alch       29%        3d12      4%          5
 Animate Dead             Necr           66%        N/A       10%         4
 Dimensional Bullseye     Hex/Tloc       16%        N/A       10%         4
 Dispel Undead            Necr           66%        3d23      10%         4
 Martyr's Knell           Necr/Summ      66%        N/A       10%         4
 Passage of Golubria      Tloc           33%        N/A       10%         4
 Sculpt Simulacrum        Ice/Alch       30%        N/A       17%         6
 Borgnjor's Vile Clutch   Necr/Erth      34%        N/A       21%         5
 Curse of Agony           Necr           66%        N/A       24%         5
 Summon Mana Viper        Hex/Summ       33%        N/A       24%         5
 Lehudib's Crystal Spear  Conj/Erth      38%        10d10     65%         8
 Death Channel            Necr           33%        N/A       77%         6
 Summon Cactus Giant      Summ           16%        N/A       77%         6
 Enfeeble                 Hex            16%        N/A       99%         7
 Haunt                    Necr/Summ      33%        N/A       99%         7
 Malign Gateway           Summ/Tloc      16%        N/A       99%         7
 Infestation              Necr           33%        N/A       100%        8


Dungeon Overview and Level Annotations

Branches:
Dungeon (15/15)            Temple (1/1) D:6            Lair (5/5) D:9
  Swamp (4/4) Lair:3       Spider (4/4) Lair:2        Slime (5/5) Lair:5
    Orc (2/2) D:11            Elf (3/3) Orc:2        Vaults (0/5) D:14
 Depths (1/4) D:15         Bailey (visited)           IceCv (visited)
Gauntlet (visited)

Altars:
Ashenzari
Cheibriados
Dithmenos
Fedhas
Gozag
Hepliaklqana
Kikubaaqudgha
Makhleb
Nemelex Xobeh
Okawaru
Qazlal
Ru
Sif Muna
Trog
Uskayaw
Vehumet
Wu Jian
Xom
Yredelemnul
Jiyva

Shops:
D:3 =([   D:9 :(   D:10 *   Orc:1 **   Orc:2 (=[*   Elf:2 [

Annotations:
D:6 1 exclusion
Spider:4 1 exclusion
Slime:5 1 exclusion
Elf:2 3 runed translucent doors, exclusion: 3 doors


Innate Abilities, Weirdness & Mutations

You are immune to poison.
Your flesh is cold resistant. (rC+)
You are immune to negative energy. (rN+++)
You are immune to unholy pain and torment.
You are vulnerable to heat. (rF-)
You are strongly in touch with the powers of death.
You do not drink.
You have a special connection with the divine. (Faith)


Message History

Casting: Plasma Beam (mildly dangerous; 1% risk of failure)
Press: ? - help, Q - select action, (/) - cycle Dir - look around, f - activate You can't see that place. [a rock wall.]
Okay, then.
As you read the scroll of fear, it crumbles to dust.
You assume a fearsome visage.
The deep troll shaman looks frightened!
The fire dragon looks frightened!
The deep troll looks frightened!
The ice dragon looks frightened!
A rakshasa comes into view. It is wielding a +0 trident.
You see here a +0 orcbow.
Aiming: Fastroot
Press: ? - help, Shift-Dir - straight line, f/p - fire dragon
Aim: a fire dragon (moderately wounded)
The roots erupt in riotous growth!
Roots grab the fire dragon.
The grasping roots constrict the fire dragon.
You hear a deafening roar!
The fire dragon struggles to escape constriction.
Casting: Plasma Beam (mildly dangerous; 1% risk of failure)
Confirm with . or Enter, or press ? or * to list all spells.
Aiming: Orb of Destruction (mildly dangerous; 1% risk of failure)
Press: ? - help, Shift-Dir - straight line, f/p - fire dragon
Aim: a fire dragon (moderately wounded, constricted by roots)
You feel a surge of power!
The grasping roots constrict the fire dragon!
A juggernaut comes into view.
The wavering orb of destruction hits the fire dragon!!!
The fire dragon is almost dead.
The fire dragon struggles to escape constriction.
Casting: Plasma Beam (mildly dangerous; 1% risk of failure)
Press: ? - help, Q - select action, (/) - cycle Dir - look around, f - activate You feel a strong surge of power!
The bolt of lightning hits the fire dragon but does no damage.
The fire dragon is almost dead.
The bolt of lightning hits the deep troll shaman!!!
You kill the deep troll shaman!
The bolt of lightning hits the deep troll!!
The deep troll is heavily wounded.
The fiery plasma hits the fire dragon!
The fire dragon resists.
You kill the fire dragon!
The +0 fire dragon scales are intact enough to wear.
The fiery plasma misses the deep troll.
You hear a deafening roar!
Your base Conjurations skill increases to level 16!
Okay, then.
Unknown command.
The deep troll completely misses you. The deep troll misses you.
You block the deep troll's attack.
Casting: Plasma Beam (mildly dangerous; 1% risk of failure)
Confirm with . or Enter, or press ? or * to list all spells.
You feel a surge of power!
You blink.
You block the juggernaut's attack. The juggernaut hits you!!
* * * LOW HITPOINT WARNING * * *
As you read the scroll of butterflies, it crumbles to dust.
You hear the flapping of tiny wings.
The juggernaut is knocked back by the sudden gust.
You swap places.
You feel ready to blink again. The juggernaut hits your butterfly!!!
Your butterfly dies!
Your butterfly disappears in a burst of colours!
An ettin comes into view. It is wielding two +0 dire flails.
The ice dragon breathes frost at you. The blast of cold misses you.
A fire dragon comes into view.
Casting: Blink (safe; 1% risk of failure)
Confirm with . or Enter, or press ? or * to list all spells.
Okay, then.
Unknown command.
As you read the scroll of fear, it crumbles to dust.
You assume a fearsome visage.
The ettin looks frightened!
The ice dragon resists with some effort.
The fire dragon easily resists.
The fire dragon breathes flames at you. The blast of flame hits you.
* * * LOW HITPOINT WARNING * * *
As you read the scroll of fear, it crumbles to dust.
You assume a fearsome visage.
The ice dragon looks frightened!
The fire dragon looks frightened!
The ettin howls in fear.
The juggernaut completely misses your butterfly.
The juggernaut hits your butterfly!!
Your butterfly dies!
Your butterfly disappears in a burst of colours!
The rakshasa weaves an illusion.
The ice dragon shimmers and seems to become two!
The fire dragon seems to regain its courage.
The rakshasa weaves an illusion.
The fire dragon shimmers and seems to become two!
You swap places.
The rakshasa barely misses you. The fire dragon breathes flames at you.
The blast of flame hits you!!
* * * LOW HITPOINT WARNING * * *
There is a staircase back to the Dungeon here.
The ice dragon seems to regain its courage. x2
The fire dragon breathes flames at you. The blast of flame hits you!!
You die...

**,,*~8,,,,8{* *,,,
,,,,,∩,#~......≈#****,,,
,,,..$..#~......~#,,,,,,,
,,,.....#~......~#*****,*
,,**#...#~8.bb.8~# *,*
,,* #...#..b.b...# *,*
,,###.....b.b....# *,*
,,........bb.b...######.,
,,........C.bb@.R.D.D[†.,
*****###....b...........,
* #T####...####..##* *
#.# #...# *,.# * #.#
#.).# *,,* * #T####.DD#
*,,* * #!.T[....# *,,* *
########## ****


You could see a juggernaut (ally target), 2 fire dragons, 2 ice dragons, a
rakshasa and a deep troll.

Vanquished Creatures
  the Royal Jelly (Slime:5)
  Mara (Swamp:3)
  Bai Suzhen (Swamp:4)
  Nikola (Spider:2)
  2 deep elf blademasters (Elf:3)
  2 deep elf master archers (Elf:3)
  19 acid blobs
  Agnes (Spider:2)
  Frances (Spider:2)
  Kirke (D:12)
  11 rockslimes
  9 azure jellies
  4 deep elf sorcerers
  A ghoul (Swamp:4)
  A ghost moth (Spider:3)
  9 emperor scorpions
  3 deep elf elementalists (Elf:3)
  A reaper (IceCv)
  The ghost of tymior the Destroyer, a journeyman DrAE of Vehumet (Orc:2)
  10 quicksilver oozes
  2 broodmothers
  An orc warlord (Orc:2)
  2 formless jellyfish (Slime:5)
  7 deep elf death magi
  10 deep elf demonologists
  Nessos (Lair:5)
  4 eleionomae
  2 spark wasps
  5 bunyips
  7 deep elf annihilators (Elf:3)
  A minotaur (Gauntlet)
  A shambling mangrove (Swamp:1)
  A fire dragon (Depths:1)
  The ghost of Esekla the Eclecticist, a journeyman DEDe of Vehumet (Lair:5)
  6 entropy weavers
  4 deep elf high priests (Elf:3)
  2 yaktaur captains (D:12)
  5 great orbs of eyes
  8 vault guards (D:14)
  A rakshasa (D:15)
  7 hydras
  Fannar (Lair:3)
  2 centaur warriors
  A catoblepas (D:15)
  5 alligators
  A spriggan air mage (Swamp:4)
  2 ghost crabs (Swamp:4)
  A jorogumo (Spider:3)
  3 radroaches
  17 dancing weapons
  7 boulder beetles
  2 deep troll shamans (Depths:1)
  15 death yaks
  5 two-headed ogres
  A deep troll earth mage (Depths:1)
  An occultist (D:15)
  2 orc high priests
  8 demonic crawlers
  14 deep elf knights
  2 goliath frogs
  A skyshark (Lair:3)
  2 deep trolls (Depths:1)
  9 glowing orange brains
  2 pharaoh ants
  6 orb spiders
  5 spriggan druids
  2 bog bodies (Swamp:2)
  3 swamp dragons
  16 deep elf archers
  3 spectral hydras (Swamp:4)
  3 steelbarb worms
  A phantasmal warrior (Swamp:4)
  6 necromancers
  23 deep elf zephyrmancers
  2 lindwurms (Lair:5)
  4 orc knights
  24 wolf spiders
  3 large abominations (Elf:3)
  18 ugly things
  21 deep elf pyromancers
  6 orc sorcerers
  10 shining eyes
  4 cyclopes
  A will-o-the-wisp (Swamp:3)
  7 moths of wrath
  3 meliai (Spider:4)
  A meliai (shapeshifter) (D:12)
  4 manticores
  5 black mambas
  3 torpor snails
  4 eyes of devastation
  2 ice statues
  9 elephants
  12 cane toads
  3 rime drakes
  A centaur skeleton (D:15)
  9 komodo dragons
  An anaconda simulacrum (IceCv)
  2 yaktaurs (D:12)
  2 freezing wraiths
  4 ice devils
  A tengu conjurer (D:15)
  4 polar bears (Lair:5)
  A polar bear (shapeshifter) (D:13)
  A queen bee (Lair:2)
  4 bloated husks
  6 trolls
  8 tyrant leeches
  3 hydra zombies (Swamp:4)
  Prince Ribbit (D:5)
  26 tarantellas
  14 hornets
  A hydra skeleton (Swamp:4)
  14 blink frogs
  A dream sheep (Bailey)
  Sigmund (D:5)
  2 glass eyes
  2 air elementals
  126 slime creatures
  2 jumping spiders (shapeshifter)
  20 jumping spiders
  26 culicivoras
  A centaur simulacrum (D:15)
  A dire elephant simulacrum (IceCv)
  5 wraiths
  36 yaks
  5 water elementals
  4 wyverns
  A human (D:12)
  25 spriggans
  A hog (shapeshifter) (D:12)
  A golden eye (shapeshifter) (D:13)
  A hog (D:12)
  7 wargs
  4 fire elementals
  64 redbacks
  2 basilisks
  2 steam dragons
  5 vampire mosquitoes
  A neqoxec (Gauntlet)
  A chaos spawn (Gauntlet)
  2 death yak simulacra (IceCv)
  An acid dragon (D:10)
  A harpy simulacrum (D:15)
  10 water moccasins
  17 swamp worms
  4 hydra simulacra
  2 ice beasts (D:7)
  10 swamp drakes
  21 orc warriors
  3 black bears
  The ghost of Curundu the Chopper, an amateur MiBe of Trog (D:3)
  8 centaurs
  5 boggarts (Lair:5)
  A hornet zombie (D:15)
  8 ogres
  29 wolves
  2 phantoms
  2 kobold brigands
  Blork the orc (D:5)
  13 bullfrogs
  3 elf zombies (Elf:3)
  An earth elemental (Elf:2)
  4 gnoll sergeants
  4 scorpions
  4 two-headed ogre simulacra (IceCv)
  3 cane toad simulacra (IceCv)
  9 wights
  A troll zombie (D:11)
  31 killer bees
  3 electric eels (D:11)
  9 howler monkeys
  A bombardier beetle (D:4)
  A hound (D:4)
  15 orc priests
  2 jellies
  2 gnoll boudas (D:7)
  Ijyb (D:5)
  Terence (D:2)
  2 iguanas
  30 orc wizards
  4 sleepcaps
  2 polar bear simulacra (IceCv)
  4 spriggan simulacra (IceCv)
  6 troll simulacra (IceCv)
  3 wolf simulacra (IceCv)
  7 ogre zombies (D:11)
  Robin (D:4)
  A swamp drake zombie (Swamp:4)
  35 gnolls
  6 naga simulacra (IceCv)
  9 adders
  18 white imps
  9 ufetubi (IceCv)
  The ghost of SmpsonH the Shooter, a weakling FoHu (D:15)
  2 dart slugs
  A ribbon worm (D:2)
  75 orcs
  6 endoplasms
  4 giant cockroaches
  3 gnoll zombies (D:11)
  22 goblins
  10 hobgoblins
  3 jackals (D:1)
  A quokka (D:2)
  9 ball pythons
  7 bats
  3 frilled lizards
  3 gnoll skeletons (D:11)
  19 kobolds
  2 orc skeletons (D:11)
  16 orc zombies (D:11)
  6 rats
1492 creatures vanquished.

Vanquished Creatures (collateral kills)
  A deep elf elementalist (Elf:3)
  A goliath frog (Swamp:3)
  A deep elf zephyrmancer (Elf:3)
3 creatures vanquished.

Vanquished Creatures (others)
  A demonic crawler (Spider:2)
  A pharaoh ant (Spider:2)
  A goliath frog (Swamp:4)
  A bloated husk (Swamp:2)
  A culicivora (Spider:4)
  4 humans (D:12)
  A redback (Spider:2)
  A gnoll zombie (D:11)
  5 foxfires
16 creatures vanquished.

Grand Total: 1511 creatures vanquished

Notes
Turn   | Place    | Note
-------+----------+-------------------------------------------
     0 | D:1      | browni3141 the Mummy Alchemist began the quest for the Orb.
     0 | D:1      | Reached XP level 1. HP: 13/13 MP: 4/4
   191 | D:1      | Reached skill level 3 in Alchemy
   191 | D:1      | Reached XP level 2. HP: 19/19 MP: 1/5
   332 | D:1      | Reached skill level 3 in Spellcasting
   683 | D:1      | Reached XP level 3. HP: 24/24 MP: 5/8
   725 | D:1      | Got the Papyrus of Effluvium and the Quarry
   964 | D:2      | Reached skill level 4 in Spellcasting
  1602 | D:2      | Reached XP level 4. HP: 23/33 MP: 6/10
  1701 | D:1      | Learned a level 2 spell: Mercury Vapours
  1704 | D:1      | Learned a level 2 spell: Cigotuvi's Dreadful Rot
  1708 | D:1      | Learned a level 3 spell: Mephitic Cloud
  2094 | D:2      | Noticed Terence
  2158 | D:2      | Found a faded altar of an unknown god.
  2378 | D:3      | Reached XP level 5. HP: 34/38 MP: 7/11
  2616 | D:3      | Learned a level 4 spell: Olgreb's Toxic Radiance
  2738 | D:3      | Found Miumasch's Jewellery Emporium.
  2772 | D:3      | Found a large runed translucent door.
  2772 | D:3      | Found a large runed translucent door.
  2776 | D:3      | Noticed Curundu's ghost (amateur MiBe)
  2870 | D:3      | Found Vamiofaxo's Antique Weapon Shoppe.
  2912 | D:3      | Found Jeeleo's Armour Shoppe.
  3971 | D:3      | Found Vamiofaxo's Antique Weapon Shoppe.
  3997 | D:3      | Found Jeeleo's Armour Shoppe.
  4134 | D:3      | Found Miumasch's Jewellery Emporium.
  5099 | D:4      | Reached XP level 6. HP: 12/44 MP: 7/12
  5491 | D:4      | Reached skill level 5 in Spellcasting
  5958 | D:4      | Identified the +0 helmet of Syottian {Int-5 Dex+6}
  5958 | D:4      | Noticed Robin
  5971 | D:4      | Killed Robin
  6398 | D:2      | Killed Terence
  6655 | D:5      | Entered Level 5 of the Dungeon
  6757 | D:5      | Reached XP level 7. HP: 46/50 MP: 11/14
  6764 | D:5      | Learned a level 4 spell: Sticky Flame
  7065 | D:5      | Noticed Ijyb
  7069 | D:5      | Killed Ijyb
  7167 | D:5      | Noticed Sigmund
  7175 | D:5      | Killed Sigmund
  7191 | D:5      | Reached skill level 3 in Fire Magic
  7501 | D:5      | Reached XP level 8. HP: 14/56 MP: 5/15
  7656 | D:5      | Noticed Blork the orc
  7674 | D:5      | Killed Blork the orc
  7937 | D:5      | Noticed Prince Ribbit
  7944 | D:5      | Killed Prince Ribbit
  7945 | D:5      | Reached skill level 3 in Armour
  7945 | D:5      | Reached skill level 3 in Shields
  8303 | D:6      | Reached skill level 6 in Spellcasting
  8455 | D:6      | Found a staircase to the Ecumenical Temple.
  8467 | Temple   | Entered the Ecumenical Temple
  8485 | Temple   | Became a worshipper of Ashenzari the Shackled
  8738 | D:7      | Reached skill level 3 in Evocations
  9126 | D:7      | Reached XP level 9. HP: 37/61 MP: 2/18
  9127 | D:7      | Reached skill level 3 in Dodging
  9952 | D:7      | Found an ancient bone altar of Kikubaaqudgha.
 10350 | D:7      | Found an ornate altar of the Wu Jian Council.
 10647 | D:8      | Reached skill level 3 in Fighting
 10705 | D:8      | Reached skill level 7 in Spellcasting
 10835 | D:8      | Found a flagged portal.
 10842 | Bailey   | Entered a bailey
 11180 | Bailey   | Noticed an orc knight
 11210 | Bailey   | an orc knight changed into a dream sheep
 11214 | Bailey   | Reached skill level 8 in Spellcasting
 11656 | D:8      | Reached * piety under Ashenzari
 11890 | D:8      | Noticed an ice devil
 11896 | D:8      | Killed an ice devil
 11897 | D:8      | Reached XP level 10. HP: 47/71 MP: 10/22
 11983 | D:8      | Found the +8 frozen axe "Frostbite" {freeze, freezing
                  | cloud, *Noise Fly rC+}
 12231 | D:8      | Found a stormy altar of Qazlal.
 12563 | D:8      | Reached skill level 6 in Dodging
 12768 | D:8      | Reached ** piety under Ashenzari
 13238 | D:9      | Reached skill level 6 in Alchemy
 13537 | D:9      | Found a staircase to the Lair.
 13555 | D:9      | Reached skill level 9 in Spellcasting
 13619 | D:9      | Found Dolorequ's Firing Range.
 13782 | D:9      | Found a hide-covered altar of Uskayaw.
 13838 | D:9      | Found a sparkling altar of Nemelex Xobeh.
 13841 | D:9      | Found a snail-covered altar of Cheibriados.
 13873 | D:9      | Found Raghoadd's Book Shoppe.
 13882 | D:9      | Bought a book of Fire for 416 gold pieces
 13889 | D:9      | Learned a level 6 spell: Starburst
 13896 | D:9      | Learned a level 6 spell: Plasma Beam
 14042 | D:10     | Entered Level 10 of the Dungeon
 14326 | D:10     | Identified the Encyclopedia of the Twisted Volcano
 14470 | D:10     | Found Tutesaull's Demolitions Depot.
 14776 | D:11     | Found a staircase to the Orcish Mines.
 14953 | D:11     | Noticed an orc sorcerer
 14953 | D:11     | Identified the +3 quarterstaff "Zaitenisch" {venom, Int+4}
 15076 | D:10     | Reached *** piety under Ashenzari
 15347 | D:11     | Reached skill level 10 in Spellcasting
 15447 | D:11     | Noticed a boulder beetle
 15458 | D:11     | Killed an orc sorcerer
 15459 | D:11     | Reached XP level 11. HP: 77/77 MP: 9/26
 15464 | D:11     | Killed a boulder beetle
 16267 | D:11     | Noticed a two-headed ogre
 16284 | D:11     | Reached skill level 3 in Conjurations
 16287 | D:11     | Killed a two-headed ogre
 16775 | D:12     | Noticed a yaktaur captain
 16776 | D:12     | Noticed a glowing orange brain
 16875 | Lair:1   | Entered Level 1 of the Lair of Beasts
 16875 | Lair:1   | Noticed a death yak
 16875 | Lair:1   | Noticed a death yak
 16876 | Lair:1   | Noticed a death yak
 16887 | Lair:1   | Reached skill level 3 in Air Magic
 16888 | Lair:1   | Reached skill level 6 in Fire Magic
 16893 | Lair:1   | Reached **** piety under Ashenzari
 16915 | Lair:1   | Killed a death yak
 16920 | Lair:1   | Killed a death yak
 16921 | Lair:1   | Reached skill level 11 in Spellcasting
 16945 | Lair:1   | Killed a death yak
 17185 | Lair:1   | Reached skill level 12 in Spellcasting
 17189 | Lair:1   | Noticed a death yak
 17231 | Lair:1   | Killed a death yak
 17232 | Lair:1   | Reached XP level 12. HP: 49/87 MP: 2/30
 17983 | Lair:2   | Found a hole to the Spider Nest.
 18396 | Lair:2   | Reached ***** piety under Ashenzari
 18456 | Lair:2   | Reached skill level 9 in Fire Magic
 18685 | Lair:2   | Identified the +1 falchion of Haunted Integrity {antimagic,
                  | rElec Will- Str+2}
 19276 | Lair:3   | Found a frozen archway.
 19396 | IceCv    | Entered an ice cave
 20514 | IceCv    | Noticed a reaper
 20518 | IceCv    | Killed a reaper
 20827 | Lair:3   | Identified the +6 falchion of Instinct {flame, ^Fragile rF+
                  | Dex+3 Stlth+}
 20935 | Lair:3   | Reached ****** piety under Ashenzari
 21081 | Lair:3   | Gained mutation: You are strongly in touch with the powers
                  | of death. [Mummy growth]
 21081 | Lair:3   | Reached XP level 13. HP: 65/90 MP: 22/29
 21154 | Lair:3   | Found a staircase to the Swamp.
 21696 | Lair:3   | Noticed Fannar
 21701 | Lair:3   | Killed Fannar
 22050 | Lair:4   | Reached skill level 3 in Staves
 22167 | Lair:4   | Reached skill level 12 in Fire Magic
 22408 | Lair:4   | Identified the +7 hand axe "Penaluc" {speed, ^Contam rPois
                  | rN++ Int+4}
 22960 | Lair:5   | Entered Level 5 of the Lair of Beasts
 23043 | Lair:5   | Noticed Nessos
 23047 | Lair:5   | Killed Nessos
 23158 | Lair:5   | Found a staircase to the Slime Pits.
 23160 | Lair:5   | Found a viscous altar of Jiyva.
 23436 | Lair:5   | Reached XP level 14. HP: 58/98 MP: 2/30
 23581 | Lair:5   | Found a transporter.
 23585 | Lair:5   | Found a transporter.
 23588 | Lair:5   | Identified the +6 dagger "Kiusom" {pain, rPois rN++ Dex+2}
 24693 | Lair:5   | Identified the +1 ring mail of Terror {^Contam Str+3 Dex+2}
 24871 | Lair:5   | Reached skill level 6 in Fighting
 25260 | Lair:5   | Noticed Esekla's ghost (journeyman DEDe)
 25271 | Lair:5   | Found a bloodstained altar of Trog.
 25430 | Orc:1    | Entered Level 1 of the Orcish Mines
 25430 | Orc:1    | Found Dohegh's Assorted Antiques.
 25752 | Orc:1    | Found Facvicso's Assorted Antiques.
 25762 | Orc:1    | Bought a scroll labelled QIPU OBLAIKEIH for 23 gold pieces
 25762 | Orc:1    | Bought a scroll labelled CUIBOLUDONI for 23 gold pieces
 25939 | Orc:2    | Entered Level 2 of the Orcish Mines
 25939 | Orc:2    | Found a staircase to the Elven Halls.
 25998 | Orc:2    | Found a runed translucent gate.
 25998 | Orc:2    | Found a runed translucent gate.
 25998 | Orc:2    | Found a runed translucent gate.
 26003 | Orc:2    | Noticed tymior's ghost (journeyman DrAE)
 26395 | Orc:2    | Noticed an orc warlord
 26401 | Orc:2    | Killed an orc warlord
 26823 | Orc:2    | Found Neax Zia's Antique Armour Boutique.
 26836 | Orc:2    | Found Iryloy's Antique Weapon Boutique.
 27208 | Orc:2    | Found Icati's General Store.
 27223 | Orc:2    | Found Nauram's Jewellery Boutique.
 27230 | Orc:2    | Bought the ring of the Mage {Wiz Archmagi} for 510 gold
                  | pieces
 27230 | Orc:2    | Found the ring of the Mage {Wiz Archmagi}
 27413 | Elf:1    | Entered Level 1 of the Elven Halls
 27418 | Elf:1    | Reached skill level 15 in Fire Magic
 28037 | Elf:1    | Found a flickering gateway to a bazaar.
 28064 | Bazaar   | Entered a bazaar
 28071 | Bazaar   | Found Jikhleoqe's Distillery.
 28085 | Bazaar   | Found Esaczim's Antique Weapon Boutique.
 28099 | Bazaar   | Found Narill's Magic Scroll Shop.
 28107 | Bazaar   | Bought a scroll of immolation for 64 gold pieces
 28107 | Bazaar   | Bought a scroll of poison for 64 gold pieces
 28107 | Bazaar   | Bought a scroll of amnesia for 64 gold pieces
 28107 | Bazaar   | Bought a scroll of noise for 16 gold pieces
 28107 | Bazaar   | Bought a scroll of fog for 64 gold pieces
 28107 | Bazaar   | Bought a scroll of teleportation for 48 gold pieces
 28107 | Bazaar   | Bought a scroll of teleportation for 48 gold pieces
 28127 | Bazaar   | Found Fuocioscheg's General Store.
 28135 | Bazaar   | Bought a wand of roots (2) for 52 gold pieces
 28141 | Bazaar   | Found Puyteu Sarec's Armour Boutique.
 28155 | Bazaar   | Found Mibbymat's Distillery.
 28203 | Bazaar   | Bought a +2 pair of boots for 181 gold pieces
 28203 | Bazaar   | Bought a +1 buckler of protection for 181 gold pieces
 28203 | Bazaar   | Bought a +1 helmet for 126 gold pieces
 28592 | Elf:1    | Reached XP level 15. HP: 33/110 MP: 2/31
 30455 | D:12     | Noticed Kirke
 30650 | D:12     | Killed Kirke
 32549 | D:13     | Identified a scroll of acquirement
 32557 | D:13     | Acquired 365 gold pieces
 33136 | D:14     | Found a gate leading to a gauntlet.
 33451 | Gauntlet | Entered a Gauntlet
 33451 | Gauntlet | Found a transporter.
 33458 | Gauntlet | Found a transporter.
 33458 | Gauntlet | Identified the +1 cloak "Put-Me-On" {rCorr}
 33461 | Gauntlet | Found a transporter.
 33472 | Gauntlet | Found a transporter.
 33472 | Gauntlet | Identified the ring "Ysoxulal" {rF+ Dex+3}
 33475 | Gauntlet | Found a transporter.
 33483 | Gauntlet | Found a transporter.
 33496 | Gauntlet | Identified the ring of Vehumet's Pride {Fly rElec}
 33498 | Gauntlet | Found a transporter.
 33502 | Gauntlet | Found a runed translucent door.
 33510 | Gauntlet | Found a transporter.
 33522 | Gauntlet | Found a transporter.
 33536 | Gauntlet | Found a transporter.
 33549 | Gauntlet | Found a transporter.
 33551 | Gauntlet | Found a transporter.
 33592 | Gauntlet | Found a transporter.
 33615 | Gauntlet | Found a transporter.
 34048 | D:14     | Found a gate to the Vaults.
 34157 | D:14     | Found a shadowy altar of Dithmenos.
 34551 | D:14     | Reached skill level 13 in Spellcasting
 34948 | D:15     | Entered Level 15 of the Dungeon
 34957 | D:15     | Reached XP level 16. HP: 101/117 MP: 6/33
 35689 | D:15     | Found a runed translucent door.
 35690 | D:15     | Noticed SmpsonH's ghost (weakling FoHu)
 35713 | D:15     | Found a basalt altar of Yredelemnul.
 35714 | D:15     | Identified the +3 bardiche "Jokkuo" {freeze, *Rage rPois
                  | rF+ SInv}
 35921 | D:15     | Found a staircase to the Depths.
 35965 | D:15     | Reached skill level 14 in Spellcasting
 35965 | D:15     | Reached skill level 6 in Conjurations
 36126 | D:15     | Killed SmpsonH's ghost
 36288 | Orc:2    | Killed tymior's ghost
 36549 | D:3      | Killed Curundu's ghost
 37152 | Lair:5   | Killed Esekla's ghost
 37292 | Slime:1  | Entered Level 1 of the Pits of Slime
 37479 | Lair:5   | Learned a level 2 spell: Blink
 38619 | Slime:1  | Reached skill level 15 in Spellcasting
 39708 | Slime:3  | Noticed an acid blob
 39709 | Slime:3  | Noticed an acid blob
 40042 | Slime:3  | Killed an acid blob
 40410 | Slime:3  | Killed an acid blob
 40519 | Slime:3  | Noticed an acid blob
 40520 | Slime:3  | Killed an acid blob
 40544 | Slime:3  | Reached skill level 16 in Spellcasting
 41170 | Slime:4  | Noticed an acid blob
 41318 | Slime:4  | Killed an acid blob
 41590 | Slime:4  | Noticed an acid blob
 41612 | Slime:4  | Killed an acid blob
 41613 | Slime:4  | Reached XP level 17. HP: 89/122 MP: 0/37
 41829 | Slime:4  | Noticed an acid blob
 41848 | Slime:4  | Killed an acid blob
 41849 | Slime:4  | Reached skill level 9 in Conjurations
 42117 | Slime:5  | Entered Level 5 of the Pits of Slime
 42419 | Orc:2    | Bought a book of the Spheres for 1152 gold pieces
 42425 | Orc:2    | Learned a level 5 spell: Fireball
 42433 | Orc:2    | Learned a level 7 spell: Orb of Destruction
 42704 | Slime:5  | Noticed an acid blob
 42705 | Slime:5  | Noticed an acid blob
 42708 | Slime:5  | Killed an acid blob
 42711 | Slime:5  | Killed an acid blob
 42711 | Slime:5  | Noticed an acid blob
 42723 | Slime:5  | Killed an acid blob
 42760 | Slime:5  | Noticed an acid blob
 42762 | Slime:5  | Noticed an acid blob
 42962 | Slime:5  | Killed an acid blob
 42963 | Slime:5  | Reached skill level 17 in Spellcasting
 42969 | Slime:5  | Noticed an acid blob
 43260 | Slime:5  | Noticed an acid blob
 43310 | Slime:5  | Noticed the Royal Jelly
 44188 | Elf:2    | Found Konuerph's Antique Armour Shop.
 44222 | Elf:2    | Found an ancient bone altar of Kikubaaqudgha.
 44572 | Elf:2    | Paralysed by an air elemental for 1 turns
 45649 | Elf:2    | Noticed a Tzitzimitl
 45705 | Elf:2    | Found a runed translucent gate.
 45706 | Elf:2    | Found a runed translucent gate.
 45706 | Elf:2    | Found a runed translucent gate.
 45883 | Elf:3    | Entered Level 3 of the Elven Halls
 46525 | Elf:3    | Reached skill level 18 in Spellcasting
 46708 | Elf:3    | Found an ancient bone altar of Kikubaaqudgha.
 46874 | Elf:3    | Paralysed by an air elemental for 1 turns
 46879 | Elf:3    | Paralysed by an air elemental for 1 turns
 47061 | Elf:3    | Noticed a deep elf master archer
 47065 | Elf:3    | Killed a deep elf master archer
 47072 | Elf:3    | Identified the +6 war axe "Pidupn" {vamp, rElec rPois}
 47080 | Elf:3    | Noticed a deep elf blademaster
 47322 | Elf:3    | Identified the ring of Loqidie Notu {rC+ rN+ AC+4}
 47572 | Elf:3    | Identified the ring of Kemnaf {rF+ SInv}
 47579 | Elf:3    | Reached XP level 18. HP: 129/129 MP: 24/40
 47588 | Elf:3    | Identified the ring "Nusiwn" {Str+3 Dex+6}
 47932 | Elf:3    | Reached skill level 18 in Fire Magic
 48665 | Elf:3    | Identified the +0 orcbow of the Ageing Ancients {flame,
                  | +Blink Will+ Str+3}
 48665 | Elf:3    | Identified the +2 sling "Rimem" {heavy, +Blink Str+3 Int+4}
 49077 | Elf:3    | Reached skill level 19 in Spellcasting
 49229 | Elf:3    | Identified the ring "Pin Rokioc" {Int+6 Stlth+}
 49482 | Elf:3    | Identified the +3 ring mail of the Grue {Str+3}
 49528 | Elf:3    | Identified Qeumaotz's Incunable of Pyromancy
 50053 | Elf:3    | Identified the Verses on Bodies
 50929 | Slime:5  | Identified the +5 plate armour of the Comet {Rampage Str+2
                  | Int+3}
 50936 | Slime:5  | Identified the ring of Foezu {Wiz Slay+4}
 50953 | Slime:5  | Found a viscous altar of Jiyva.
 51388 | Slime:5  | Identified Jerghathu's Codex of Cunning Decomposition
 51401 | Slime:5  | Identified the +1 robe "Yxyxa" {rPois Will+}
 51435 | Slime:5  | Killed the Royal Jelly
 51436 | Slime:5  | Reached skill level 20 in Spellcasting
 53067 | Spider:1 | Entered Level 1 of the Spider Nest
 54016 | Spider:1 | Reached XP level 19. HP: 130/134 MP: 24/43
 55091 | Spider:2 | Noticed Nikola
 55192 | Spider:2 | Noticed Agnes
 55194 | Spider:2 | Killed Agnes
 55347 | Spider:2 | Killed Nikola
 55367 | Spider:2 | Noticed Frances
 55522 | Spider:2 | Killed Frances
 56171 | Spider:3 | Reached skill level 12 in Conjurations
 57105 | Spider:3 | Identified the ring of Asosuell {*Slow rC+ rN+ Int+3}
 57358 | Spider:4 | Entered Level 4 of the Spider Nest
 58763 | Swamp:1  | Entered Level 1 of the Swamp
 60172 | Swamp:2  | Reached XP level 20. HP: 116/141 MP: 5/44
 60328 | Swamp:2  | Identified the +1 long sword "Kaniss" {heavy, *Slow rF+
                  | Stlth+}
 60699 | Swamp:2  | Identified the +0 robe of Gravitas {*Corrode Will++ MP+9
                  | Archmagi}
 60879 | Swamp:3  | Noticed Mara
 60895 | Swamp:3  | Reached skill level 15 in Conjurations
 60899 | Swamp:3  | Noticed browni3141's illusion
 60915 | Swamp:3  | Killed Mara
 61567 | Swamp:4  | Entered Level 4 of the Swamp
 61734 | Swamp:4  | Noticed Bai Suzhen
 62025 | Swamp:4  | Killed Bai Suzhen
 62888 | Depths:1 | Entered Level 1 of the Depths
 62916 | Depths:1 | Noticed a juggernaut
 62932 | Depths:1 | Killed from afar by a fire dragon (illusionary)

Illustrated notes

Levels and vault maps discovered:
D:1:      eino_arrival_cavern_e, layout_rooms
D:2:      layout_loops_ring, chequers_ecumenical_altar_simple_redux,
          uniq_terence
D:3:      layout_basic, serial_shops, nicolae_shop_tiny_statue_garden,
          shop_statue, shop, ebering_ghost_disaster_area
D:4:      layout_loops_ring, mainiacjoe_overflow_boulevard,
          dreamdust_princess_corridor, minivault_4, uniq_robin
D:5:      layout_rooms, uniq_prince_ribbit1, uniq_sigmund, uniq_blork_the_orc,
          uniq_ijyb
D:6:      cheibrodos_quashed, layout_basic, minmay_temple_entry_purple_smoke,
          kennysheep_generic_room_14
D:7:      layout_loops_ring, nicolae_elyvilon_temple_path,
          nicolae_wu_jian_immortal_techniques, nicolae_tso_carved_into_rock,
          lemuel_doored_altar
D:8:      layout_basic, mainiacjoe_overflow_surrounded_room, enter_bailey_3,
          hellmonk_guarded_unrand_frostbite
D:9:      layout_cave_pools, overflow_temple_1_default, jmf_multi_god_temple2,
          david_lair_shrubbed, serial_shops, nicolae_book_shop_shelving,
          minmay_liquid_box, nicolae_shop_firing_range
D:10:     layout_gridville, nicolae_blasting_shop
D:11:     layout_basic, zombieorc2_lemuel
D:12:     hangedman_surveillance_ring, layout_loops_ring, uniq_kirke
D:13:     layout_roguey
D:14:     layout_roguey, erik_vaults_2, gauntlet_entry_generic,
          nicolae_dithmenos_through_a_glass_darkly
D:15:     grunt_enter_depths_magical_seal, layout_rooms,
          ebering_ghost_reflecting_pool, lemuel_round_altar
Temple:   nicolae_temple_god_jail
Lair:1:   layout_loops_ring
Lair:2:   layout_roguey [special_room_bee], spider_nest_entry_web_field,
          serial_bayou_shore_b, grunt_megastairs_4
Lair:3:   layout_regular_city, mainiacjoe_swamp_entry_angry_trees,
          portal_ice_cave_entry_imps, uniq_fannar
Lair:4:   layout_long_grid
Lair:5:   minmay_lair_end_enchanted_forest, layout_long_grid,
          minmay_slime_entry_eyes, gammafunk_ghost_wrathful_warriors,
          uniq_nessos
Swamp:1:  layout_basic_swamp, hangedman_swamp_lotus, swamp_pool_5,
          hangedman_swamp_cone, nicolae_swamp_frolicking_bunyips,
          infiniplex_staircase_pool_2
Swamp:2:  layout_falls_marsh, nicolae_swamp_bean_lake
Swamp:3:  layout_basic_swamp, evilmike_swamp_ruin_house_1, uniq_mara
Swamp:4:  byrel_swamp_growth_death_and_undeath, layout_basic_swamp,
          swamp_pool_1_2, uniq_bai_suzhen
Spider:1: layout_spider_delve, drop_trap, nicolae_spider_scorpion_nest
Spider:2: nicolae_spider_mines_3, uniq_agnes, uniq_frances, uniq_nikola
Spider:3: layout_spider_delve
Spider:4: grunt_spider_rune_circles
Slime:1:  layout_caves
Slime:2:  layout_caves, cheibrodos_slime_lost_civilization_5
Slime:3:  layout_caves, nicolae_slime_crime_time
Slime:4:  layout_caves
Slime:5:  slime_pit_nicolae_amoeboid
Orc:1:    layout_caves, serial_shops, shop_fountains, nicolae_shop_hallway_plus
Orc:2:    grunt_orc_cross, layout_caves, ebering_ghost_rock_garden
Elf:1:    minmay_elf_arrival_circle, layout_onion_city, serial_shops,
          bzr_entry_customers, grunt_ministairs_11, st_stairs_6
Elf:2:    nicolae_elf_blades_crystal_corner, layout_gridlike, basic_altar,
          serial_shops, shop, hangedman_elven_ridges, dk_noncrumbling_3,
          serial_sigils_hangedman_clutch, uniq_aizul
Elf:3:    grunt_elf_hall_spiral, layout_geoelf_diagonals, basic_altar,
          minmay_elf_necromancy
Depths:1: layout_small_grid, enter_ziggurat_a, chequers_jeans, hell_entry,
          minivault_16, evilmike_ruin_ashenzari, kennysheep_random_hallway

Skill      XL: |  1  2  3  4  5  6  7  8  9 10 11 12 13 14 15 16 17 18 19 20 |
---------------+-------------------------------------------------------------+-----
Alchemy        | 3 4 5 6 |  6.2
Spellcasting   | 3 4 5 6 8 10 12 13 16 18 20 | 20.0
Conjurations   | 1 2 3 5 8 10 11 14 16 | 16.0
Fighting       | 1 2 3 4 5 8 |  8.0
Fire Magic     | 1 2 3 4 5 7 11 13 15 17 19 | 19.7
Armour         | 2 3 4 |  4.6
Shields        | 2 3 4 |  4.6
Evocations     | 3 |  3.0
Dodging        | 2 5 6 |  6.4
Short Blades   | 2 |  2.0
Air Magic      | 1 3 |  3.6
Staves         | 3 |  3.0
Stealth        | |  1.5

Action                     |  1- 3 |  4- 6 |  7- 9 | 10-12 | 13-15 | 16-18 | 19-21 || total
---------------------------+-------+-------+-------+-------+-------+-------+-------++-------
  Melee: Unarmed           |    16 |       |       |       |       |       |       ||    16
         Club              |    17 |     2 |       |       |       |       |       ||    19
         Dagger            |       |    95 |   232 |   513 |       |       |       ||   840
         Punch             |       |     1 |       |       |       |       |       ||     1
         Staff             |       |       |       |    10 |   312 |   303 |   163 ||   788
   Fire: Sling             |       |     6 |       |       |       |       |       ||     6
   Cast: Sting             |    71 |    96 |    35 |     6 |    12 |     1 |       ||   221
         Mercury Vapours   |       |     1 |     1 |       |       |       |       ||     2
         Olgreb's Toxic Ra |       |     4 |    36 |    56 |    52 |    16 |    58 ||   222
         Mephitic Cloud    |       |     3 |    11 |    11 |     3 |     2 |       ||    30
         Cigotuvi's Dreadf |       |     3 |     2 |     4 |       |       |       ||     9
         Sticky Flame      |       |       |    23 |    84 |    32 |     1 |     4 ||   144
         Starburst         |       |       |       |    10 |    37 |    22 |    12 ||    81
         Plasma Beam       |       |       |       |    17 |   139 |   356 |   184 ||   696
         Blink             |       |       |       |       |       |    22 |     3 ||    25
         Orb of Destructio |       |       |       |       |       |    39 |    14 ||    53
         Fireball          |       |       |       |       |       |    23 |     8 ||    31
 Invoke: Curse Item        |       |       |     2 |     8 |     2 |     3 |       ||    15
         Shatter the Chain |       |       |       |     1 |     3 |     1 |       ||     5
  Evoke: Wand              |       |       |     6 |     4 |     8 |     4 |    12 ||    34
         Box of beasts     |       |       |       |       |     1 |     1 |     1 ||     3
         Phantom mirror    |       |       |       |       |       |     1 |     1 ||     2
         Condenser vane    |       |       |       |       |       |       |     1 ||     1
    Use: Scroll            |       |     7 |       |       |     1 |     8 |     4 ||    20
   Stab: Sleeping          |       |       |     2 |     1 |       |     1 |       ||     4
         Distracted        |       |       |     1 |       |     2 |     1 |     2 ||     6
         Confused          |       |       |       |     1 |       |       |       ||     1
 Armour: Robe              |    59 |    86 |   141 |    84 |       |       |       ||   370
         Acid dragon scale |       |       |       |   253 |   274 |   350 |   248 ||  1125
         Scale mail        |       |       |       |    10 |       |       |       ||    10
  Dodge: Dodged            |    63 |    58 |   143 |   402 |   295 |   264 |   208 ||  1433
  Block: Buckler           |       |       |    59 |   116 |   106 |   122 |    88 ||   491
